 Dungeon Crawl Stone Soup version 0.21-a0-265-gb353147 (webtiles) character file.

2428 funky the Covert (level 9, 0/54 HPs)
             Began as an Octopode Venom Mage on Sept 10, 2017.
             Shot with an arrow by a centaur (4 damage)
             ... on level 6 of the Dungeon.
             The game lasted 00:19:15 (9145 turns).

funky the Covert (Octopode Venom Mage)              Turns: 9145, Time: 00:19:16

Health: 0/54       AC:  1    Str:  7    XL:     9   Next: 48%
Magic:  8/18       EV: 13    Int: 21    God:
Gold:   119        SH:  0    Dex: 14    Spells: 1/20 levels left

rFire    . . .     SeeInvis .   l - +1 dagger (speed)
rCold    . . .     Gourm    .   (no shield)
rNeg     . . .     Faith    .   (helmet restricted)
rPois    .         Spirit   .   (no amulet)
rElec    .         Reflect  .   (no ring)
rCorr    .         Harm     .   (no ring)
MR       .....                  (no ring)
Stlth    +++++.....             (no ring)
HPRegen  0.18/turn              (no ring)
MPRegen  0.16/turn              (no ring)
                                (no ring)
                                (no ring)

@: drained
A: almost no armour, stealthy swim, amphibious, 8 rings, constrict 8, tentacle
spike 1, camouflage 1, agile 1, gelatinous body 1
a: no special abilities


You were on level 6 of the Dungeon.
You were not hungry.

You visited 2 branches of the dungeon, and saw 7 of its levels.

You collected 210 gold pieces.
You spent 91 gold pieces at shops.

Inventory:

Hand Weapons
 c - a +0 hand axe of flaming
 j - a +0 dagger
 k - a +0 short sword
 l - a +1 dagger of speed (weapon)
 y - a +0 blowgun
Missiles
 i - 162 stones (quivered)
 m - 111 arrows
 A - 19 poisoned needles
Wands
 x - a wand of scattershot (0/9)
Scrolls
 d - a scroll of recharging {unknown}
 e - a scroll of enchant weapon {unknown}
 f - 2 scrolls of enchant armour
 n - 2 scrolls of fog {unknown}
 p - a scroll of magic mapping {unknown}
 q - a scroll of teleportation {unknown}
 r - a scroll of random uselessness {unknown}
 s - 3 scrolls of summoning {unknown}
 u - 2 scrolls of immolation {unknown}
 z - a scroll of noise {unknown}
 F - a scroll of amnesia {unknown}
 I - a scroll of torment {unknown}
Potions
 h - 4 potions of flight
 o - a potion of magic
 t - a potion of cancellation {unknown}
 v - a potion of brilliance
 C - a potion of might
 D - 3 potions of lignification
Books
 a - a Young Poisoner's Handbook

   Spells                             Type                      Level
   a - Sting                          Conjuration/Poison           1
   b - Poisonous Vapours              Poison/Air                   2
   c - Mephitic Cloud                 Conjuration/Poison/Air       3
   d - Olgreb's Toxic Radiance        Poison                       4
   e - Venom Bolt                     Conjuration/Poison           5
 g - a book of Callings

   Spells                             Type                      Level
   a - Summon Small Mammal            Summoning                    1
   b - Call Imp                       Summoning                    2
   c - Call Canine Familiar           Summoning                    3
   d - Summon Guardian Golem          Hexes/Summoning              3
   e - Summon Lightning Spire         Summoning/Air                4
   f - Summon Ice Beast               Ice/Summoning                4
 E - a book of Conjurations

   Spells                             Type                      Level
   a - Magic Dart                     Conjuration                  1
   b - Searing Ray                    Conjuration                  2
   c - Dazzling Spray                 Conjuration/Hexes            3
   d - Fulminant Prism                Conjuration/Hexes            4
   e - Force Lance                    Conjuration/Translocation    4
   f - Iskenderun's Mystic Blast      Conjuration                  4
Comestibles
 b - 3 bread rations
 w - 2 meat rations
 B - 2 royal jellies
 H - 2 chunks of flesh
 J - 3 fruits


   Skills:
 + Level 2.0(1.9) Fighting
 - Level 2.0(1.9) Dodging
 - Level 9.9 Stealth
 + Level 6.1 Spellcasting
 + Level 6.4 Conjurations
 - Level 6.7 Poison Magic


You had one spell level left.
You knew the following spells:

 Your Spells              Type           Power        Failure   Level  Hunger
a - Sting                 Conj/Pois      ####         1%          1    None
b - Poisonous Vapours     Pois/Air       ###...       3%          2    None
c - Olgreb's Toxic Radia  Pois           ####....     6%          4    ####...
d - Mephitic Cloud        Conj/Pois/Air  ###.....     4%          3    ##.....
e - Iskenderun's Mystic   Conj           ####....     7%          4    ####...
f - Venom Bolt            Conj/Pois      ####......   19%         5    #####..


Dungeon Overview and Level Annotations

Branches:
Dungeon (6/15)             Temple (1/1) D:4

Altars:
Ashenzari
Cheibriados
Dithmenos
Elyvilon
Fedhas
Gozag
Hepliaklqana
Kikubaaqudgha
Makhleb
Nemelex Xobeh
Qazlal
Ru
Trog
Uskayaw
Vehumet
Wu Jian
Xom
Yredelemnul
Zin
The Shining One

Shops:
D:6 *!


Innate Abilities, Weirdness & Mutations

You cannot wear most types of armour.
You are very stealthy in the water. (Stealth+)
You are amphibious.
You can wear up to eight rings at the same time.
You can use your tentacles to constrict eight enemies at once.
Your skin changes colour to match your surroundings (Stealth+).
Your rubbery body absorbs attacks. (AC +1, EV +1)
One of your tentacles bears a spike.
You are agile. (Dex +2)


Message History

Evoke which item? (* to show all) (? for menu, Esc to quit)
Okay, then.
Okay, then.
Unknown command.
Casting: Poisonous Vapours
Confirm with . or Enter, or press ? or * to list all spells.
Okay, then.
Casting: Poisonous Vapours
Confirm with . or Enter, or press ? or * to list all spells.
Okay, then.
Unknown command.
Casting: Poisonous Vapours
Confirm with . or Enter, or press ? or * to list all spells.
Aiming: Iskenderun's Mystic Blast
Press: ? - help, Shift-Dir - straight line, f - you
Okay, then.
Unknown command.
Unknown command.
The centaur shoots an arrow.
The arrow hits you.
You die...

.##.#..# .'.>..[# .##....#
.##...<# ############# #####.##.
#####...........## '........
####⌠........c.......
######.####..#.....((..%.......
## #.##....#....(#########... .#
#.#.....##.@###.......#### .#
#........#...............### .#
#........#........⌠........# ##
#........###...............#
#.#........####.......###..#
#.##..........#########.....
######..###......[...............
..........###...................⌠
########....######...........####


You could see a centaur.

Vanquished Creatures
  Pikel (D:5)
  Grinder (D:4)
  Sigmund (D:5)
  Menkaure (D:5)
  Edmund (D:6)
  A water moccasin (D:6)
  Duvessa (D:4)
  A slave (D:6)
  A black bear (D:5)
  An ogre (D:5)
  2 phantoms
  A necrophage (D:5)
  Dowan (D:4)
  2 scorpions
  A howler monkey (D:6)
  2 crimson imps
  2 hounds
  An orc priest (D:5)
  3 orc wizards
  Jessica (D:2)
  2 iguanas (D:4)
  3 worker ants
  A worker ant zombie (D:5)
  11 adders
  A shadow imp (D:5)
  2 oozes
  2 worms
  5 dart slugs
  7 leopard geckos
  17 orcs
  4 giant cockroaches
  6 hobgoblins
  4 jackals (D:3)
  10 kobolds
  6 quokkas
  2 ball pythons
  7 bats
  3 frilled lizards
  10 goblins
  A jackal zombie (D:5)
  A quokka skeleton (D:4)
  6 rats
137 creatures vanquished.

Vanquished Creatures (others)
  3 slaves (D:6)
  An orc wizard (D:6)
  A worker ant (D:6)
  A shadow imp (D:6)
  An orc (D:6)
  A giant cockroach (D:6)
  A ball python (D:6)
9 creatures vanquished.

Grand Total: 146 creatures vanquished

Notes
Turn   | Place    | Note
-------+----------+-------------------------------------------
     0 | D:1      | funky the Octopode Venom Mage began the quest for the Orb.
     0 | D:1      | Reached XP level 1. HP: 11/11 MP: 3/3
   418 | D:1      | Reached XP level 2. HP: 16/17 MP: 3/5
   477 | D:1      | Reached skill level 3 in Stealth
   931 | D:1      | Learned a level 2 spell: Poisonous Vapours
  1572 | D:2      | Reached XP level 3. HP: 21/21 MP: 1/6
  1779 | D:2      | Found a shimmering altar of Xom.
  2047 | D:2      | Reached skill level 4 in Stealth
  2213 | D:2      | Found a radiant altar of Vehumet.
  2222 | D:2      | Reached XP level 4. HP: 26/27 MP: 4/7
  2254 | D:2      | Found a hide-covered altar of Uskayaw.
  2256 | D:2      | Found an ornate altar of the Wu Jian Council.
  2259 | D:2      | Found a hazy altar of Hepliaklqana.
  2577 | D:2      | Found a stormy altar of Qazlal.
  2622 | D:2      | Noticed Jessica
  2633 | D:2      | Killed Jessica
  3388 | D:2      | Found a sparkling altar of Nemelex Xobeh.
  3423 | D:2      | Reached XP level 5. HP: 31/31 MP: 4/8
  3870 | D:2      | Learned a level 4 spell: Olgreb's Toxic Radiance
  3963 | D:3      | Reached skill level 5 in Poison Magic
  4685 | D:4      | Reached skill level 5 in Stealth
  4925 | D:4      | Reached XP level 6. HP: 18/36 MP: 6/10
  5164 | D:4      | Noticed Grinder
  5240 | D:4      | Noticed Duvessa
  5240 | D:4      | Noticed Dowan
  5240 | D:4      | Noticed a phantom
  5348 | D:4      | Paralysed by Grinder for 5 turns
  5370 | D:4      | Killed Grinder
  5370 | D:4      | Reached skill level 6 in Stealth
  5370 | D:4      | Reached XP level 7. HP: 18/41 MP: 8/11
  5471 | D:4      | Killed Duvessa
  5471 | D:4      | Killed Dowan
  5640 | D:4      | Learned a level 3 spell: Mephitic Cloud
  5711 | D:4      | Found a staircase to the Ecumenical Temple.
  5727 | Temple   | Entered the Ecumenical Temple
  6138 | D:4      | Reached skill level 7 in Stealth
  6411 | D:5      | Entered Level 5 of the Dungeon
  6420 | D:5      | Noticed Menkaure
  6427 | D:5      | Noticed Sigmund
  6430 | D:5      | Reached XP level 8. HP: 46/46 MP: 8/13
  6444 | D:5      | Gained mutation: Your spells are a little harder to cast, but a little more powerful. [potion of mutation]
  6444 | D:5      | Lost mutation: Your spells are a little harder to cast, but a little more powerful. [potion of mutation]
  6444 | D:5      | Gained mutation: You are agile. (Dex +2) [potion of mutation]
  6444 | D:5      | Gained mutation: One of your tentacles bears a spike. [potion of mutation]
  6451 | D:5      | Killed Sigmund
  6468 | D:5      | Reached skill level 8 in Stealth
  6513 | D:5      | Learned a level 4 spell: Iskenderun's Mystic Blast
  7016 | D:5      | Reached skill level 5 in Conjurations
  7085 | D:5      | Killed Menkaure
  7085 | D:5      | Reached skill level 9 in Stealth
  7085 | D:5      | Reached skill level 5 in Spellcasting
  7542 | D:6      | Found Lamux's General Store.
  7544 | D:6      | Noticed Pikel
  7582 | D:5      | Killed Pikel
  7582 | D:5      | Reached XP level 9. HP: 22/51 MP: 0/17
  8054 | D:6      | Bought a potion of might for 52 gold pieces
  8055 | D:6      | Found Hekasyxa's Distillery.
  8065 | D:6      | Bought a potion of curing for 39 gold pieces
  8547 | D:6      | Noticed Edmund
  8558 | D:6      | Killed Edmund
  8558 | D:6      | Reached skill level 1 in Fighting
  8903 | D:6      | Learned a level 5 spell: Venom Bolt
  9145 | D:6      | Shot with an arrow by a centaur

Vault maps used:
D:1:      eino_arrival_cavern_e
D:2:      lemuel_round_altar, lemuel_round_altar, minitemple,
          nemelex_lonely_heart_becter, uniq_jessica
D:4:      cheibrodos_quashed, minmay_temple_entry_overgrown, first_bread,
          minivault_1, uniq_grinder, uniq_duvessa
D:5:      uniq_sigmund, uniq_menkaure
D:6:      kennysheep_spiral_hall, kennysheep_okawaru_gauntlet, serial_shops,
          kennysheep_mini_moat, shop, nicolae_shop_crystal, nicolae_shop_stone,
          uniq_pikel, uniq_edmund, uniq_crazy_yiuf_cottage
Temple:   nicolae_temple_great_sept

Skill      XL: |  1  2  3  4  5  6  7  8  9 |
---------------+----------------------------+-----
Stealth        | 3 4 5 6 7 9 |  9.9
Poison Magic   | 4 5 6 |  6.7
Conjurations   | 2 3 4 5 6 |  6.4
Spellcasting   | 3 5 6 |  6.1
Fighting       | 2 |  2.0
Dodging        | |  2.0

Action                   |  1- 3 |  4- 6 |  7- 9 || total
-------------------------+-------+-------+-------++-------
Melee: Hand axe          |    27 |    21 |       ||    48
       Constrict         |     8 |    18 |    22 ||    48
       Tentacles         |     4 |    10 |    26 ||    40
       Dagger            |       |    62 |   181 ||   243
       Kick              |       |       |    32 ||    32
Throw: Stone             |     3 |       |     1 ||     4
 Cast: Sting             |    18 |     4 |     5 ||    27
       Poisonous Vapours |    16 |    35 |    42 ||    93
       Iskenderun's Myst |       |       |    16 ||    16
       Olgreb's Toxic Ra |       |       |     3 ||     3
       Mephitic Cloud    |       |       |     2 ||     2
Evoke: Wand              |       |     2 |     1 ||     3
  Use: Scroll            |       |     1 |     6 ||     7
       Potion            |       |     1 |    10 ||    11
 Stab: Sleeping          |     2 |    13 |     3 ||    18
       Distracted        |       |     1 |       ||     1
  Eat: Chunk             |     5 |    10 |     8 ||    23
       Bread ration      |       |     1 |     1 ||     2
Armor: Skin              |     6 |     3 |    44 ||    53
Dodge: Dodged            |    39 |    46 |    76 ||   161

Table legend:
 A = Spawn XP
 B = Non-spawn XP
 C = Spawn XP percentage of total XP
 D = Spawn monster count
 E = Non-spawn monster count
 F = Spawn count percentage of total count
 G = Total turns spent on level
                    A         B        C        D         E        F      G
               +---------+---------+-------+---------+---------+-------+---------
         Total |       0 |    3469 |   0.0 |       0 |     136 |   0.0 |  9145
               +---------+---------+-------+---------+---------+-------+---------
           D:1 |       0 |      30 |   0.0 |       0 |      19 |   0.0 |  1568
           D:2 |       0 |     140 |   0.0 |       0 |      27 |   0.0 |  2309
           D:3 |       0 |      44 |   0.0 |       0 |      22 |   0.0 |   885
           D:4 |       0 |     922 |   0.0 |       0 |      23 |   0.0 |  1568
           D:5 |       0 |    1745 |   0.0 |       0 |      32 |   0.0 |  1580
           D:6 |       0 |     588 |   0.0 |       0 |      13 |   0.0 |  1154
               +---------+---------+-------+---------+---------+-------+---------
